 Dungeon Crawl Stone Soup version 0.25-a0-651-g8c222c7a2b (webtiles) character file.

Game seed: 17606620709013211767, levelgen mode: deterministic

142 An17 the Archer (level 5, 42/42 HPs)
             Began as a Centaur Hunter on Mar 22, 2020.
             Got out of the dungeon alive.
             The game lasted 00:06:30 (2279 turns).

An17 the Archer (Centaur Hunter)                    Turns: 2279, Time: 00:06:30

Health: 42/42      AC:  9    Str: 15    XL:     5   Next: 4%
Magic:  5/5        EV:  9    Int: 10    God:
Gold:   181        SH:  0    Dex: 10    Spells: 4/4 levels left

rFire    + . .     SeeInvis .   a - +1 shortbow
rCold    x . .     Gourm    .   (shield currently unavailable)
rNeg     . . .     Faith    .   c - +1 leather armour
rPois    .         Spirit   .   (no helmet)
rElec    .         Reflect  .   (no cloak)
rCorr    .         Harm     .   p - +0 pair of gloves
MR       .....                  (no barding)
Stlth    +.........             (no amulet)
HPRegen  0.14/turn              e - ring of fire
MPRegen  0.09/turn              j - +3 ring of protection

@: very quick
A: large, hooves 3, deformed body, speed 2, tough skin 3
a: no special abilities


You escaped.
You were not hungry.

You visited 1 branch of the dungeon, and saw 3 of its levels.

You collected 181 gold pieces.

Inventory:

Hand Weapons
 a - a +1 shortbow (weapon)
 b - a +0 short sword
Missiles
 d - 31 arrows (quivered)
Armour
 c - a +1 leather armour (worn)
 p - a +0 pair of gloves (worn)
Jewellery
 e - a ring of fire (left hand)
 j - a +3 ring of protection (right hand)
Scrolls
 g - 3 scrolls of teleportation
 i - 3 scrolls of identify
 n - a scroll of magic mapping
 q - a scroll of random uselessness {unknown}
Potions
 h - a potion of flight {unknown}
 k - a potion of curing {unknown}
 l - a potion of heal wounds {unknown}
 m - a potion of stabbing {unknown}
 o - a potion of brilliance {unknown}
Comestibles
 f - 7 rations


   Skills:
 + Level 2.5 Fighting
 + Level 8.0 Bows
 + Level 0.1 Armour
 + Level 1.4 Dodging
 + Level 0.4 Stealth


You had 4 spell levels left.
You didn't know any spells.
Your spell library was empty.

Dungeon Overview and Level Annotations

Branches:
Dungeon (3/15)

Altars:
Zin


Innate Abilities, Weirdness & Mutations

You have hooves in place of feet.
Armour fits poorly on your strangely shaped body.
You cover ground very quickly.
You have extremely tough skin. (AC +3)


Message History

You see here a kobold corpse.
You see here a +0 dagger.
You see here a +0 dagger.
Done exploring.
Done exploring.
Done exploring.
No target in view!
No target in view!
You see here 10 sling bullets.
There is a stone staircase leading up here.
You climb upwards.
There is a stone staircase leading down here.
You see here an adder skeleton.
There is an escape hatch in the ceiling here.
A mysterious force pulls you upwards. The hatch slams shut behind you.
As you open the door, it creaks loudly!
There is an open door here.
There is a staircase leading out of the dungeon here.
Are you sure you want to leave the Dungeon?
This will make you lose the game!
You have escaped!

...#.............# #........
#####............# #........
#......######### #........
#.#....# #........
##....######### #........
#..#..###.....## #........
##.#..##.#####.## #........
#.....#.8≈8≈8..# #........
#.......≈≈≈≈≈.@# #........
##.#..##.8≈8≈8..# #........
#......#.#####.## ##########
#######.##.....## #.........
#.......############# #.........
.#....##.(..........# #.........
......##............# ##########
....................# ###########
........##...##########.....>....


There were no monsters in sight!

Vanquished Creatures
  5 adders
  2 worms (D:2)
  2 dart slugs
  5 leopard geckos
  9 orcs (D:3)
  2 ball pythons (D:2)
  4 giant cockroaches
  4 goblins
  4 hobgoblins
  2 jackals (D:2)
  12 kobolds
  2 quokkas
  8 bats
  6 frilled lizards
  8 rats
75 creatures vanquished.

Notes
Turn   | Place    | Note
-------+----------+-------------------------------------------
     0 | D:1      | An17 the Centaur Hunter began the quest for the Orb.
     0 | D:1      | Reached XP level 1. HP: 17/17 MP: 1/1
   184 | D:1      | Reached XP level 2. HP: 24/24 MP: 2/2
   265 | D:1      | Reached skill level 6 in Bows
   570 | D:2      | Reached XP level 3. HP: 23/29 MP: 3/3
   606 | D:2      | Found a glowing silver altar of Zin.
   704 | D:2      | Reached skill level 7 in Bows
   899 | D:2      | Reached XP level 4. HP: 37/37 MP: 4/4
  1675 | D:3      | Reached skill level 8 in Bows
  1808 | D:3      | Reached XP level 5. HP: 26/42 MP: 5/5
  2279 | D:$      | Got out of the dungeon alive.

Levels and vault maps discovered:
D:1:      lightli_arrival_statue_moat, layout_basic
D:2:      layout_loops_ring, zin_statuary
D:3:      layout_basic, minivault_27, kennysheep_nub,
          minmay_randomly_rotated_circles

Skill      XL: |  1  2  3  4 |
---------------+-------------+-----
Bows           | 6 7 8 |  8.0
Fighting       | |  2.5
Armour         | |  0.1
Dodging        | |  1.4
Stealth        | |  0.4

Action                   |  1- 3 |  4- 6 || total
-------------------------+-------+-------++-------
Melee: Shortbow          |     3 |    44 ||    47
       Kick              |       |    10 ||    10
 Fire: Shortbow          |   118 |    96 ||   214
  Use: Scroll            |     1 |     2 ||     3
  Eat: Ration            |       |     1 ||     1
Armor: Leather armour    |    15 |    57 ||    72
Dodge: Dodged            |    26 |    52 ||    78

Table legend:
 A = Non-vault XP
 B = Vault XP
 C = Vault XP percentage of total XP
 D = Non-vault monster count
 E = Vault monster count
 F = Vault count percentage of total count
                 A         B        C        D         E       F
            +---------+---------+-------+---------+---------+-------
      Total |     178 |      26 |  12.7 |      69 |       6 |   8.0
            +---------+---------+-------+---------+---------+-------
        D:1 |      27 |       0 |   0.0 |      16 |       0 |   0.0
        D:2 |      88 |       0 |   0.0 |      27 |       0 |   0.0
        D:3 |      63 |      26 |  29.2 |      26 |       6 |  18.8
            +---------+---------+-------+---------+---------+-------
